 Dungeon Crawl Stone Soup version 0.31-a0-486-g8d68a81214 (webtiles) character file.

Game seed: 14495601114343341782

22 Xavori the Cutter (level 2, 21/21 HPs)
             Began as an Octopode Chaos Knight on Aug 7, 2023.
             Was a Plaything of Xom.
             Quit the game on level 1 of the Dungeon.
             The game lasted 00:00:42 (10836 turns).

Xavori the Cutter (Octopode Chaos Knight)          Turns: 10836, Time: 00:00:42

Health: 21/21      AC:  1    Str: 11    XL:     2   Next: 91%
Magic:  2/2        EV: 13    Int: 14    God:    Xom [.*....]
Gold:   81         SH:  0    Dex: 11    Spells: 1/1 levels left

rFire   . . .        a - +0 short sword (chaos)
rCold   . . .        (no shield)
rNeg    . . .        (helmet restricted)
rPois   .            (no amulet)
rElec   .            (no ring)
rCorr   .            (no ring)
SInv    .            (no ring)
Will    .....        (no ring)
Stlth   ++           (no ring)
HPRegen 0.23/turn    (no ring)
MPRegen 0.08/turn    (no ring)
                     (no ring)

%: random rage (3%)
@: no status effects
A: almost no armour, amphibious, 8 rings, camouflage 1, gelatinous body 1,
(nimble swimmer 1), tentacles, berserk 1, inhibited regeneration, subdued magic
1
a: Renounce Religion


You were on level 1 of the Dungeon.
You worshipped Xom.
You were a plaything of Xom.
You visited 1 branch of the dungeon, and saw 2 of its levels.

You collected 81 gold pieces.

Inventory:

Hand Weapons
 a - a +0 short sword of chaos (weapon)
Jewellery
 c - an amulet of reflection
Scrolls
 b - a scroll of butterflies
 g - 2 scrolls of identify {unknown}
Potions
 d - a potion of curing {unknown}
 e - a potion of heal wounds {unknown}
 f - a potion of might {unknown}
 h - a potion of berserk rage {unknown}


   Skills:
 + Level 3.4 Fighting
 + Level 3.5 Short Blades
 + Level 2.5 Dodging


You had one spell level left.
You didn't know any spells.
Your spell library contained the following spells:

 Spells                   Type           Power      Damage    Failure   Level
 Sting                    Tmut/Pois      0%         1d3       24%         1
 Poisonous Vapours        Pois/Air       0%         N/A       36%         2
 Olgreb's Toxic Radiance  Pois           0%         N/A       95%         4


Dungeon Overview and Level Annotations

Branches:
Dungeon (2/15)

Altars:


Innate Abilities, Weirdness & Mutations

You cannot wear most types of armour.
You are amphibious.
You can wear up to eight rings at the same time.
Your skin changes colour to match your surroundings (Stealth+).
Your rubbery body absorbs attacks. (AC +1, EV +1)
((You are camouflaged when in or above water. (Stealth+)))
You have tentacles for arms and can constrict up to eight enemies at once.
You sometimes lose your temper in combat.
You do not regenerate when monsters are visible.
Your spells are a little easier to cast, but a little less powerful.


Message History

You start waiting.
You start waiting.
Your trail of clouds dissipates.
You start waiting.
You start waiting.
You start waiting.
You start waiting.
You start waiting.
You start waiting.
You are now a toy of Xom.
You start waiting.
You start waiting.
Xom almost notices you.
A monocle briefly appears over your left eye.
You start waiting.
You start waiting.
You start waiting.
You start waiting.
You start waiting.
You start waiting.
You start waiting.
You start waiting.
You start waiting.
You start waiting.
You start waiting.
You start waiting.
You start waiting.
You start waiting.
Xom smirks.
You detect nothing.
You start waiting.
You start waiting. "See what I see, my child!"
You detect nothing.
You start waiting.
You start waiting.
Xom smirks.
You detect nothing.
You are now a plaything of Xom.
Are you sure you want to abandon this character and quit the game? (Confirm with "yes".)

#.#######...##.#.......#.#..##
#............#.#.###.###.#...#
#######'###..#.#.# #.# #.#####
##.# #....#.###.# #.....#
##..# #.##.#.....# ####.##
##...# #....####..# #.#
##....######.# #..# #.#
##......#####.# #..# #.#
#.....<.....+@# #..# #.#
##......##########..# #.#
##....##...........# #.#
##...##.#.######..# #.#
##..##.#.........######.##
##.###..................#
#+#....................#
#...#################.##
###...# #.#


There were no monsters in sight!

Vanquished Creatures
  A dart slug (D:1)
  4 endoplasms (D:1)
  2 hobgoblins (D:1)
  4 ball pythons (D:1)
  3 bats (D:1)
  3 goblins (D:1)
  3 rats
20 creatures vanquished.

Notes
Turn   | Place    | Note
-------+----------+-------------------------------------------
     0 | D:1      | Xavori the Octopode Chaos Knight began the quest for the
                  | Orb.
     0 | D:1      | Reached XP level 1. HP: 16/16 MP: 1/1
   124 | D:1      | XOM: silly message
   238 | D:1      | Reached XP level 2. HP: 19/21 MP: 2/2
   559 | D:1      | XOM: divination: detect items
   822 | D:1      | XOM: silly message
  1204 | D:1      | XOM: noise
  1929 | D:1      | XOM is BORED!
  2183 | D:1      | XOM: divination: magic mapping
  2357 | D:1      | XOM: silly message
  3177 | D:1      | XOM: noise
  3769 | D:1      | XOM: cloud trail
  4124 | D:1      | XOM: noise
  5043 | D:1      | XOM: divination: detect items
  5144 | D:1      | XOM: silly message
  5359 | D:1      | XOM: divination: magic mapping
  5547 | D:1      | XOM: divination: detect creatures
  6214 | D:1      | XOM: noise
  6369 | D:1      | XOM: noise
  7048 | D:1      | XOM: give mutations
  7048 | D:1      | Gained mutation: Your spells are a little easier to cast,
                  | but a little less powerful. [Xom's mischief]
  7048 | D:1      | Gained mutation: You do not regenerate when monsters are
                  | visible. [Xom's mischief]
  7048 | D:1      | Gained mutation: You sometimes lose your temper in combat.
                  | [Xom's mischief]
  7163 | D:1      | XOM is BORED!
  7163 | D:1      | XOM: silly message
  7332 | D:1      | XOM: silly message
  7464 | D:1      | XOM: silly message
  7814 | D:1      | XOM: noise
  7875 | D:1      | XOM: divination: detect items
  7896 | D:1      | XOM is BORED!
  7896 | D:1      | XOM: noise
  7913 | D:1      | XOM: cloud trail
  8312 | D:1      | XOM is BORED!
  8714 | D:1      | XOM: scenery: 1 doors close
  9206 | D:1      | XOM: cloud trail
  9766 | D:1      | XOM: silly message
 10646 | D:1      | XOM: divination: detect creatures
 10725 | D:1      | XOM: divination: detect items
 10835 | D:1      | XOM: divination: detect creatures
 10836 | D:1      | Quit the game

Illustrated notes

Levels and vault maps discovered:
D:1:      mrwooster_arrival_arrow, layout_basic, bh_walls_and_bars
D:2:      layout_rooms, serial_shops, nicolae_shop_trees, shop,
          nicolae_shop_behind_doors, shop, st_stairs_8, uniq_sigmund

Action                     || total
---------------------------++-------
  Melee: Short sword       ||    37
         Constrict         ||    13
         Tentacles         ||     6
   Stab: Sleeping          ||     1
 Armour: Skin              ||     3
  Dodge: Dodged            ||    23

Table legend: (Time is in decaauts)
 A = Elapsed time spent in this place.
 B = Non-inter-level travel time spent in this place.
 C = Inter-level travel time spent in this place.
 D = Time resting spent in this place.
 E = Time spent auto-exploring this place.
 F = Levels seen in this place.
 G = Mean time per level.
                   A        B        C        D        E       F      G
               +--------+--------+--------+--------+--------+-----+--------+
         Total |  10831 |  10807 |     24 |   9906 |    781 |   2 | 5415.5 |
       Dungeon |  10831 |  10807 |     24 |   9906 |    781 |   2 | 5415.5 |
               +--------+--------+--------+--------+--------+-----+--------+

Top non-repeatable levels by time:
     D:1: 10826 daAuts
     D:2: 5 daAuts
